 Dungeon Crawl Stone Soup version 0.22-a0-617-g6d95e9e (webtiles) character file.

650 sking99 the Insei (level 7, -4/58 HPs)
             Began as a Green Draconian Transmuter on July 12, 2018.
             Was an Initiate of Cheibriados.
             Slain by an ice beast (11 damage)
             ... on level 5 of the Dungeon.
             The game lasted 00:05:32 (4989 turns).

sking99 the Insei (Green Draconian Transmuter)      Turns: 4989, Time: 00:05:33

Health: -4/58      AC:  6    Str: 13    XL:     7   Next: 28%
Magic:  10/10      EV: 14    Int: 14    God:    Cheibriados [......]
Gold:   229        SH:  0    Dex: 15    Spells: 7/10 levels left

rFire    . . .     SeeInvis .     - Unarmed
rCold    . . .     Gourm    .   (no shield)
rNeg     . . .     Faith    .   (armour unavailable)
rPois    +         Spirit   .   (helmet restricted)
rElec    .         Reflect  .   (no cloak)
rCorr    .         Harm     .   (no gloves)
MR       .....                  (boots currently unavailable)
Stlth    +.........             (no amulet)
HPRegen  0.19/turn              (no ring)
MPRegen  0.12/turn              (no ring)

@: appendage, slowed, very slow
A: breathe noxious fumes, unfitting armour, talons 3, poison resistance,
cold-blooded, AC +6
a: Breathe Noxious Fumes, End Transformation, Bend Time, Renounce Religion


You were on level 5 of the Dungeon.
You worshipped Cheibriados.
Cheibriados was noncommittal.
You were not hungry.
You had grown temporary talons.
You visited 1 branch of the dungeon, and saw 5 of its levels.

You collected 229 gold pieces.

Inventory:

Missiles
 a - 30 arrows
Armour
 l - a +0 shield
Scrolls
 b - a scroll of enchant weapon
 d - 2 scrolls of magic mapping
 h - a scroll of fog
 i - 2 scrolls of identify
 k - 2 scrolls of remove curse
Potions
 e - 2 potions of haste {unknown}
 f - a potion of resistance
 g - 2 potions of ambrosia
 j - a potion of curing
 m - 2 potions of flight {unknown}
 n - a potion of mutation {unknown}
 o - a potion of cancellation {unknown}
 p - a potion of might {unknown}
 q - a potion of berserk rage {unknown}
Comestibles
 c - 9 rations


   Skills:
 + Level 3.9 Fighting
 + Level 3.6 Dodging
 * Level 5.8 Unarmed Combat
 - Level 2.0 Spellcasting
 + Level 3.9 Transmutations


You had 7 spell levels left.
You knew the following spells:

 Your Spells              Type           Power        Failure   Level  Hunger
a - Beastly Appendage     Tmut           ##....       4%          1    ##.....
b - Sticks to Snakes      Tmut           ##......     7%          2    ###....

Your spell library contained the following spells:

 Spells                   Type           Power        Failure   Level  Hunger
 Spider Form              Tmut/Pois      #.........   32%         3    ####...
 Blade Hands              Tmut           ##........   78%         5    ######.
 Ice Form                 Ice/Tmut       #.......     71%         4    #####..


Dungeon Overview and Level Annotations

Branches:
Dungeon (5/15)
 Temple: D:4-7

Altars:
Ashenzari
Cheibriados
Vehumet


Innate Abilities, Weirdness & Mutations

You can breathe blasts of noxious fumes.
Your lurid green scales are hard. (AC +6)
You cannot fit into any form of body armour.
Your system is resistant to poisons. (rPois)
You are cold-blooded and may be slowed by cold attacks.
You have claws for feet.


Message History

The ice beast is lightly wounded.
The ice beast hits you but does no damage.
You punch the ice beast! You claw the ice beast.
The ice beast is severely wounded.
You barely miss the ice beast.
You claw the ice beast, but do no damage.
Your tail-slap misses the ice beast.
The ice beast is severely wounded.
The ice beast hits you. The ice beast freezes you!
You hit the ice beast. You tail-slap the ice beast.
The ice beast is almost dead.
The ice beast hits you. The ice beast freezes you!
* * * LOW HITPOINT WARNING * * *
You closely miss the ice beast.
You claw the ice beast, but do no damage.
The ice beast is almost dead.
The ice beast hits you.
* * * LOW HITPOINT WARNING * * *
The ice beast freezes you!
You feel yourself slow down.
You die...

### #.. #.#
#.######.#
#######.<.......
...$....######..
#######@# #Y#
#......#
.....##.#.# ####
..#.# .## # #.
.. ##


You could see an ice beast.

Vanquished Creatures
  A scorpion (D:4)
  A howler monkey (D:4)
  A hound (D:2)
  2 iguanas (D:4)
  2 worker ants
  Natasha (thrice) (D:3)
  A hound skeleton (D:4)
  5 adders
  3 dart slugs
  3 leopard geckos
  4 orcs (D:4)
  3 giant cockroaches
  14 goblins
  3 hobgoblins
  3 jackals (D:1)
  3 kobolds
  A quokka (D:2)
  2 ball pythons
  6 bats
  2 frilled lizards
  A jackal skeleton (D:4)
  6 rats
70 creatures vanquished.

Vanquished Creatures (collateral kills)
  Grinder (D:3)
  An ogre (D:4)
  Robin (D:3)
  A rat (D:3)
4 creatures vanquished.

Grand Total: 74 creatures vanquished

Notes
Turn   | Place    | Note
-------+----------+-------------------------------------------
     0 | D:1      | sking99 the Draconian Transmuter began the quest for the Orb.
     0 | D:1      | Reached XP level 1. HP: 16/16 MP: 3/3
   181 | D:1      | Found a shattered altar of Ashenzari.
   232 | D:1      | Reached XP level 2. HP: 22/23 MP: 5/5
  1236 | D:2      | Reached XP level 3. HP: 9/29 MP: 6/6
  1411 | D:2      | Learned a level 2 spell: Sticks to Snakes
  1953 | D:2      | Found a radiant altar of Vehumet.
  2011 | D:2      | Reached XP level 4. HP: 32/36 MP: 7/7
  2348 | D:3      | Noticed Robin
  2366 | D:3      | Reached skill level 4 in Unarmed Combat
  2401 | D:3      | HP: 1/37 [poisoned by an adder]
  2709 | D:3      | Killed Robin
  2920 | D:3      | Noticed Natasha
  2936 | D:3      | Killed Natasha
  2936 | D:3      | Reached XP level 5. HP: 6/42 MP: 5/8
  3293 | D:3      | Noticed Grinder
  3308 | D:3      | Paralysed by Grinder for 7 turns
  3318 | D:3      | Killed Grinder
  3318 | D:3      | Reached XP level 6. HP: 4/51 MP: 3/9
  3703 | D:3      | Noticed Natasha
  3712 | D:3      | Killed Natasha
  3712 | D:3      | Reached skill level 5 in Unarmed Combat
  3748 | D:3      | Noticed Natasha
  3758 | D:3      | Killed Natasha
  3889 | D:4      | Found a snail-covered altar of Cheibriados.
  4079 | D:4      | Your scales start taking on a lurid green colour.
  4079 | D:4      | Reached XP level 7. HP: 41/57 MP: 10/10
  4079 | D:4      | Gained mutation: Your system is resistant to poisons. (rPois) [Green Draconian growth]
  4880 | D:5      | Entered Level 5 of the Dungeon
  4928 | D:4      | Became a worshipper of Cheibriados the Contemplative
  4989 | D:5      | Slain by an ice beast

Vault maps used:
D:1:      roderic_chinese_lattice_arrival, corexii_corridor_pit,
          nicolae_ashenzari_panopticon
D:2:      lemuel_doored_altar
D:3:      uniq_grinder, uniq_robin, uniq_natasha
D:4:      cheibriados_altar_1, first_ration

Skill      XL: |  1  2  3  4  5  6 |
---------------+-------------------+-----
Dodging        | 2 3 |  3.6
Fighting       | 2 3 |  3.9
Unarmed Combat | 4 5 |  5.8
Transmutations | 3 |  3.9
Spellcasting   | |  2.0

Action                   |  1- 3 |  4- 6 |  7- 9 || total
-------------------------+-------+-------+-------++-------
Melee: Unarmed           |   105 |   153 |    43 ||   301
       Tailslap          |    15 |    21 |     5 ||    41
       Punch             |     2 |     1 |     2 ||     5
       Headbutt          |       |     6 |       ||     6
       Kick              |       |     7 |     4 ||    11
 Cast: Sticks to Snakes  |     1 |    10 |       ||    11
       Beastly Appendage |       |    10 |     1 ||    11
 Abil: Breathe Noxious F |       |       |     2 ||     2
  Use: Scroll            |       |     7 |       ||     7
 Stab: Sleeping          |     1 |       |     2 ||     3
       Distracted        |       |     1 |       ||     1
       Confused          |       |       |     1 ||     1
  Eat: Chunk             |     3 |     8 |     1 ||    12
       Ration            |       |       |     1 ||     1
Armor: Skin              |    28 |    45 |     7 ||    80
Dodge: Dodged            |    67 |   104 |    18 ||   189

Table legend:
 A = Spawn XP
 B = Non-spawn XP
 C = Spawn XP percentage of total XP
 D = Spawn monster count
 E = Non-spawn monster count
 F = Spawn count percentage of total count
 G = Total turns spent on level
                    A         B        C        D         E        F      G
               +---------+---------+-------+---------+---------+-------+---------
         Total |       0 |     929 |   0.0 |       0 |      74 |   0.0 |  4989
               +---------+---------+-------+---------+---------+-------+---------
           D:1 |       0 |      32 |   0.0 |       0 |      17 |   0.0 |  1186
           D:2 |       0 |      68 |   0.0 |       0 |      12 |   0.0 |  1275
           D:3 |       0 |     403 |   0.0 |       0 |      30 |   0.0 |  1404
           D:4 |       0 |     392 |   0.0 |       0 |      14 |   0.0 |  1103
           D:5 |       0 |      34 |   0.0 |       0 |       1 |   0.0 |    21
               +---------+---------+-------+---------+---------+-------+---------
